 Dungeon Crawl Stone Soup version 0.30-b1-2-g02819fbbbe (webtiles) character file.

Game seed: 614323869340468673

196 Hugehornet the Cudgeller (level 5, -3/31 HPs)
             Began as a Gargoyle Reaver on May 20, 2023.
             Slain by an orc warrior
             ... wielding a +0 glaive
              (10 damage)
             ... on level 4 of the Dungeon.
             The game lasted 00:07:36 (2854 turns).

Hugehornet the Cudgeller (Gargoyle Reaver)          Turns: 2854, Time: 00:07:36

Health: -3/31      AC: 11    Str: 16    XL:     5   Next: 75%
Magic:  8/8        EV: 15    Int: 15    God:
Gold:   107        SH:  2    Dex:  8    Spells: 7/8 levels left

rFire   + . .        o - +1 flail (venom)
rCold   + . .        t - +0 buckler
rNeg    + . .        n - +0 ring mail
rPois   ∞            (no helmet)
rElec   +            m - +1 cloak
rCorr   +            (no gloves)
SInv    .            (no boots)
Will    .....        (no amulet) Stlth
                     e - +5 ring of evasion
HPRegen 0.25/turn    f - ring of flight
MPRegen 0.11/turn

%: no passive effects
@: resistant, flying
A: sickness immunity, AC +4, negative energy resistance 1, electricity
resistance, torment resistance 1, petrification resistance
a: no special abilities


You were on level 4 of the Dungeon.
You visited 1 branch of the dungeon, and saw 5 of its levels.

You collected 107 gold pieces.

Inventory:

Hand Weapons
 a - a +0 hand axe
 d - a +3 whip
 o - a +1 flail of venom (weapon)
 x - a +0 morningstar
Missiles
 j - 9 poisoned darts
Armour
 b - a +0 leather armour
 m - a +1 cloak (worn)
 n - a +0 ring mail (worn)
 r - a +0 kite shield
 t - a +0 buckler (worn)
 y - a +0 chain mail
Jewellery
 e - a +5 ring of evasion (left hand)
 f - a ring of flight (right hand)
Scrolls
 c - a scroll of teleportation {unknown}
 i - 2 scrolls of identify {unknown}
 p - a scroll of vulnerability {unknown}
 q - a scroll of blinking {unknown}
 u - a scroll of brand weapon {unknown}
 v - a scroll of immolation {unknown}
 w - a scroll of enchant weapon {unknown}
 B - a scroll of torment {unknown}
Potions
 g - a potion of curing
 h - 2 potions of flight {unknown}
 k - 2 potions of resistance
 l - 2 potions of brilliance {unknown}
 s - a potion of attraction {unknown}
 z - 2 potions of might {unknown}
 A - a potion of degeneration {unknown}


   Skills:
 - Level 2.3 Fighting
 - Level 3.2(4.2) Axes
 + Level 4.3(5.0) Maces & Flails
 - Level 1.0 Armour
 - Level 1.7 Dodging
 - Level 2.2 Spellcasting
 - Level 3.2 Conjurations


You had 7 spell levels left.
You knew the following spells:

 Your Spells              Type           Power      Damage    Failure   Level
a - Kiss of Death         Conj/Necr      24%        2d7       28%         1

Your spell library contained the following spells:

 Spells                   Type           Power      Damage    Failure   Level
 Momentum Strike          Conj/Tloc      12%        3d8       38%         2
 Hailstorm                Conj/Ice       6%         3d4       63%         3


Dungeon Overview and Level Annotations

Branches:
Dungeon (5/15)
 Temple: D:4-7

Altars:
Qazlal
Uskayaw
Yredelemnul


Innate Abilities, Weirdness & Mutations

You are immune to sickness and miasma.
Your stone body is resilient. (AC +4)
You are immune to poison.
You resist negative energy. (rN+)
You are resistant to electric shocks. (rElec)
You are resistant to unholy torment.
You are immune to petrification.


Message History

You closely miss the orc.
The orc is moderately wounded.
The orc closely misses you. The orc hits you with a +0 club.
The orc warrior hits you but does no damage.
The orc hits you but does no damage. The orc warrior barely misses you.
The orc misses you.
You completely miss the orc.
The orc is heavily wounded.
The orc hits you with a +0 club. The orc barely misses you.
The orc warrior hits you but does no damage.
You sock the orc!
You kill the orc!
The orc hits you but does no damage.
The orc warrior unwields a +0 glaive.
The orc warrior wields a +0 arbalest.
The orc warrior shoots a bolt.
The bolt hits you.
You sock the orc priest!
The orc priest is poisoned.
The orc priest is severely wounded.
The orc barely misses you.
The orc priest invokes the aid of Beogh against you.
Pain shoots through your body!
You thump the orc priest!
You kill the orc priest!
The orc misses you.
You hit the orc warrior but do no damage.
The orc closely misses you.
The orc warrior unwields a +0 arbalest.
The orc warrior wields a +0 glaive.
The orc warrior closely misses you.
You closely miss the orc warrior. The orc hits you but does no damage.
You block the orc warrior's attack. The orc closely misses you.
You barely miss the orc warrior.
The orc warrior hits you with a +0 glaive!
* * * LOW HITPOINT WARNING * * *
The orc completely misses you. You block the orc warrior's attack.
You are too injured to fight recklessly!
You are too injured to fight recklessly!
You are too injured to fight recklessly!
You sock the orc warrior!
The orc warrior is poisoned.
The orc warrior is moderately wounded.
The orc completely misses you.
The orc warrior hits you with a +0 glaive!
You die...

....... .........
......>.# ........####
#........#.### #
##...........# ##.
#............#
##...#.......oo..#
.......#.......#@#.#
.##...........o####
..#.#.............#.#
....#.................
....##.###.o......#.#.
....#..#...o..........
....##.#.#.##########
...)#..w.#o.#
..#......##...


You could see an orc warrior (very poisoned) and an orc.

Vanquished Creatures
  An orc priest (D:4)
  Terence (D:3)
  An orc wizard (D:3)
  3 adders
  A gnoll (D:4)
  2 worms (D:3)
  A dart slug (D:1)
  7 orcs
  8 ball pythons
  4 bats
  6 endoplasms
  2 giant cockroaches
  4 goblins
  4 hobgoblins (D:1)
  4 jackals (D:2)
  4 quokkas
  4 frilled lizards
  2 kobolds
  9 rats
68 creatures vanquished.

Notes
Turn   | Place    | Note
-------+----------+-------------------------------------------
     0 | D:1      | Hugehornet the Gargoyle Reaver began the quest for the Orb.
     0 | D:1      | Reached XP level 1. HP: 12/12 MP: 3/3
   236 | D:1      | Reached XP level 2. HP: 17/17 MP: 5/5
   747 | D:1      | Reached XP level 3. HP: 17/21 MP: 6/6
  1120 | D:2      | You are sucked into a shaft and drop 1 floor!
  1174 | D:3      | Reached skill level 1 in Armour
  1202 | D:3      | Reached skill level 1 in Maces & Flails
  1440 | D:2      | Reached skill level 2 in Maces & Flails
  1440 | D:2      | Reached XP level 4. HP: 25/27 MP: 7/7
  1978 | D:3      | Found a hide-covered altar of Uskayaw.
  1978 | D:3      | Found a basalt altar of Yredelemnul.
  1979 | D:3      | Found a stormy altar of Qazlal.
  1998 | D:3      | Reached skill level 3 in Maces & Flails
  2051 | D:3      | Noticed Terence
  2057 | D:3      | Killed Terence
  2058 | D:3      | Reached XP level 5. HP: 31/31 MP: 8/8
  2584 | D:4      | HP: 1/31 [orc/+0 flail (4)]
  2585 | D:5      | Entered Level 5 of the Dungeon
  2720 | D:5      | Reached skill level 4 in Maces & Flails
  2830 | D:4      | Noticed an orc warrior
  2854 | D:4      | Slain by an orc warrior

Illustrated notes

Levels and vault maps discovered:
D:1:      dpeg_arrival_rooms_with_view, layout_basic, minmay_door_square
D:2:      layout_loops_ring
D:3:      layout_loops_ring, gammafunk_temple_overflow_claw, uniq_terence
D:4:      layout_cave_pools, enter_ossuary_1, guppyfry_early_orc_mine, uniq_ijyb
D:5:      layout_loops_corners, uniq_crazy_yiuf_cottage

Skill      XL: |  1  2  3  4  5 |
---------------+----------------+-----
Axes           | 3 |  3.2
Armour         | 1 |  1.0
Maces & Flails | 2 3 4 |  4.3
Fighting       | |  2.3
Dodging        | |  1.7
Spellcasting   | |  2.2
Conjurations   | |  3.2

Action                     |  1- 3 |  4- 6 || total
---------------------------+-------+-------++-------
  Melee: Hand axe          |    22 |       ||    22
         Punch             |     1 |       ||     1
         Whip              |    64 |       ||    64
         Flail             |    43 |    76 ||   119
    Use: Potion            |       |     2 ||     2
 Armour: Leather armour    |    21 |       ||    21
         Ring mail         |    18 |    40 ||    58
  Dodge: Dodged            |   102 |    89 ||   191
  Block: Kite shield       |     4 |       ||     4
         Buckler           |       |    11 ||    11
